 Dungeon Crawl Stone Soup version 0.25-a0-513-ge77a69270c (webtiles) character file.

Game seed: 18134471924842550204, levelgen mode: deterministic

404 ReteAZ the Ducker (level 6, -4/45 HPs)
             Began as a Gnoll Wanderer on Feb 16, 2020.
             Slain by a slave (5 damage)
             ... led by Pikel
             ... on level 4 of the Dungeon.
             The game lasted 00:04:53 (3316 turns).

ReteAZ the Ducker (Gnoll Wanderer)                  Turns: 3316, Time: 00:04:54

Health: -4/45      AC:  9    Str: 14    XL:     6   Next: 86%
Magic:  9/9        EV: 12    Int: 16    God:
Gold:   162        SH:  0    Dex: 17    Spells: 9/9 levels left

rFire    . . .     SeeInvis .   a - +4 falchion
rCold    . . .     Gourm    .   (no shield)
rNeg     . . .     Faith    .   b - +2 scale mail
rPois    .         Spirit   .   (no helmet)
rElec    .         Reflect  .   (no cloak)
rCorr    .         Harm     .   (no gloves)
MR       .....                  (no boots)
Stlth    +.........             (no amulet)
HPRegen  0.15/turn              (no ring)
MPRegen  0.11/turn              (no ring)

@: flying
A: distributed training, fangs 1, clever 1, frail 1, strong nose
a: no special abilities


You were on level 4 of the Dungeon.
You were not hungry.

You visited 1 branch of the dungeon, and saw 4 of its levels.

You collected 162 gold pieces.

Inventory:

Hand Weapons
 a - a +4 falchion (weapon)
Missiles
 f - 7 poisoned darts
 i - 173 stones (quivered)
Armour
 b - a +2 scale mail (worn)
Jewellery
 r - an uncursed amulet of faith {unknown}
Scrolls
 c - 5 scrolls of teleportation
 g - 3 scrolls of remove curse
 h - a scroll of blinking {unknown}
 o - a scroll of noise {unknown}
 q - a scroll of fear {unknown}
Comestibles
 d - 5 rations


   Skills:
 + Level 5.0 Fighting
 + Level 2.1 Short Blades
 + Level 3.3 Long Blades
 + Level 2.1 Axes
 + Level 2.1 Maces & Flails
 + Level 2.1 Polearms
 + Level 2.1 Staves
 + Level 2.1 Slings
 + Level 2.1 Bows
 + Level 2.1 Crossbows
 + Level 5.0 Throwing
 + Level 5.0 Armour
 + Level 5.0 Dodging
 + Level 3.2 Stealth
 + Level 2.1 Shields
 + Level 2.1 Unarmed Combat
 + Level 2.1 Spellcasting
 + Level 1.6 Conjurations
 + Level 1.6 Hexes
 + Level 1.6 Charms
 + Level 1.6 Summonings
 + Level 1.6 Necromancy
 + Level 1.6 Translocations
 + Level 1.6 Transmutations
 + Level 1.6 Fire Magic
 + Level 1.6 Ice Magic
 + Level 1.6 Air Magic
 + Level 1.6 Earth Magic
 + Level 1.6 Poison Magic
 + Level 2.3 Invocations
 + Level 2.1 Evocations


You had 9 spell levels left.
You didn't know any spells.
Your spell library was empty.

Dungeon Overview and Level Annotations

Branches:
Dungeon (4/15)
 Temple: D:4-7

Altars:

Annotations:
D:4 Pikel


Innate Abilities, Weirdness & Mutations

Your experience applies equally to all skills.
You have very sharp teeth.
Your uncanny sense of smell can sniff out nearby items.
Your mind is acute. (Int +2)
You are frail. (-10% HP)


Message History

The leopard gecko hisses menacingly.
The leopard gecko bites you.
* * * LOW HITPOINT WARNING * * *
You hit Pikel but do no damage.
Pikel is heavily wounded.
The leopard gecko bites you but does no damage.
Pikel says, "You'll feel the lick of my whip!"
Pikel barely misses you.
You barely miss Pikel.
Pikel is heavily wounded.
The leopard gecko bites you but does no damage.
The slave hits you!
* * * LOW HITPOINT WARNING * * *
Pikel hits you with a +0 whip of electrocution.
* * * LOW HITPOINT WARNING * * *
Your scale mail prevents you from hitting Pikel.
Pikel is heavily wounded.
The leopard gecko barely misses you. The slave hits you but does no damage.
The slave hits you.
You die...

#######.
.. . #.
#'###
##...# ∆
#.<..#
#....#
#.pKl#
##p@.#
#..%.+
#....#
##...#
.....
#......
#.......
##...##..
##### ...


You could see Pikel, 2 slaves and a leopard gecko.

Vanquished Creatures
  Sigmund (D:2)
  A slave (D:3)
  2 orc priests (D:3)
  2 orc wizards (D:3)
  A worker ant (D:4)
  3 adders (D:3)
  5 worms
  A dart slug (D:1)
  3 leopard geckos
  6 orcs
  10 bats
  4 giant cockroaches
  4 goblins
  6 hobgoblins
  6 kobolds
  A quokka (D:3)
  4 frilled lizards
  7 rats
67 creatures vanquished.

Notes
Turn   | Place    | Note
-------+----------+-------------------------------------------
     0 | D:1      | ReteAZ the Gnoll Wanderer began the quest for the Orb.
     0 | D:1      | ReteAZ set off with the following items: a +0 falchion, a
                  | +2 scale mail, a scroll of teleportation, a ration
     0 | D:1      | Reached XP level 1. HP: 20/20 MP: 1/1
   197 | D:1      | Reached XP level 2. HP: 26/26 MP: 2/2
   457 | D:1      | Reached XP level 3. HP: 31/31 MP: 3/3
   805 | D:2      | Noticed Sigmund
   814 | D:2      | Killed Sigmund
   814 | D:2      | Reached skill level 1 in Short Blades
   814 | D:2      | Reached skill level 1 in Axes
   814 | D:2      | Reached skill level 1 in Maces & Flails
   814 | D:2      | Reached skill level 1 in Polearms
   814 | D:2      | Reached skill level 1 in Staves
   814 | D:2      | Reached skill level 1 in Slings
   814 | D:2      | Reached skill level 1 in Bows
   814 | D:2      | Reached skill level 1 in Crossbows
   814 | D:2      | Reached skill level 1 in Shields
   814 | D:2      | Reached skill level 1 in Unarmed Combat
   814 | D:2      | Reached skill level 1 in Spellcasting
   814 | D:2      | Reached skill level 1 in Conjurations
   814 | D:2      | Reached skill level 1 in Hexes
   814 | D:2      | Reached skill level 1 in Charms
   814 | D:2      | Reached skill level 1 in Summonings
   814 | D:2      | Reached skill level 1 in Necromancy
   814 | D:2      | Reached skill level 1 in Translocations
   814 | D:2      | Reached skill level 1 in Transmutations
   814 | D:2      | Reached skill level 1 in Fire Magic
   814 | D:2      | Reached skill level 1 in Ice Magic
   814 | D:2      | Reached skill level 1 in Air Magic
   814 | D:2      | Reached skill level 1 in Earth Magic
   814 | D:2      | Reached skill level 1 in Poison Magic
   814 | D:2      | Reached skill level 1 in Invocations
   814 | D:2      | Reached skill level 1 in Evocations
   814 | D:2      | Reached XP level 4. HP: 38/38 MP: 3/6
   814 | D:2      | Reached XP level 5. HP: 43/43 MP: 3/7
  1665 | D:3      | Reached XP level 6. HP: 45/50 MP: 8/8
  2170 | D:3      | Reached skill level 5 in Fighting
  2170 | D:3      | Reached skill level 5 in Throwing
  2170 | D:3      | Reached skill level 5 in Armour
  2170 | D:3      | Reached skill level 5 in Dodging
  2969 | D:4      | Noticed a slave
  2972 | D:4      | Noticed a slave
  2972 | D:4      | Noticed a slave
  2972 | D:4      | Noticed a slave
  2973 | D:4      | Noticed Pikel
  3000 | D:3      | Killed a slave
  3306 | D:4      | Gained mutation: You are frail. (-10% HP) [potion of
                  | mutation]
  3306 | D:4      | Gained mutation: Your mind is acute. (Int +2) [potion of
                  | mutation]
  3315 | D:4      | HP: 2/45 [slave[Pikel] (8)]
  3316 | D:4      | Slain by a slave

Levels and vault maps discovered:
D:1:      dpeg_arrival_simpleton_b, layout_loops_ring, minmay_heptomino_h4
D:2:      layout_rooms, uniq_sigmund
D:3:      layout_basic, serial_glass, glass_columns_a, glass_columns_a,
          hangedman_abyss_or_decor_lesser_grid, kennysheep_generic_room_10
D:4:      layout_gridville, overflow_temple_1_default, marbit_many_paths,
          uniq_pikel

Skill      XL: |  1  2  3  4  5  6 |
---------------+-------------------+-----
Short Blades   | 1 2 |  2.1
Long Blades    | 3 |  3.3
Axes           | 1 2 |  2.1
Maces & Flails | 1 2 |  2.1
Polearms       | 1 2 |  2.1
Staves         | 1 2 |  2.1
Slings         | 1 2 |  2.1
Bows           | 1 2 |  2.1
Crossbows      | 1 2 |  2.1
Shields        | 1 2 |  2.1
Unarmed Combat | 1 2 |  2.1
Spellcasting   | 1 2 |  2.1
Conjurations   | 1 |  1.6
Hexes          | 1 |  1.6
Charms         | 1 |  1.6
Summonings     | 1 |  1.6
Necromancy     | 1 |  1.6
Translocations | 1 |  1.6
Transmutations | 1 |  1.6
Fire Magic     | 1 |  1.6
Ice Magic      | 1 |  1.6
Air Magic      | 1 |  1.6
Earth Magic    | 1 |  1.6
Poison Magic   | 1 |  1.6
Invocations    | 1 2 |  2.3
Evocations     | 1 2 |  2.1
Stealth        | 3 |  3.2
Fighting       | 5 |  5.0
Throwing       | 5 |  5.0
Armour         | 5 |  5.0
Dodging        | 5 |  5.0

Action                   |  1- 3 |  4- 6 || total
-------------------------+-------+-------++-------
Melee: Falchion          |    65 |   236 ||   301
       Bite              |     5 |    39 ||    44
Throw: Stone             |       |     1 ||     1
  Use: Potion            |     1 |     4 ||     5
       Scroll            |       |     6 ||     6
  Eat: Chunk             |       |     8 ||     8
Armor: Scale mail        |    22 |   112 ||   134
Dodge: Dodged            |    47 |   146 ||   193
       Rpst.: Falchion   |    16 |    53 ||    69

Table legend:
 A = Non-vault XP
 B = Vault XP
 C = Vault XP percentage of total XP
 D = Non-vault monster count
 E = Vault monster count
 F = Vault count percentage of total count
                 A         B        C        D         E       F
            +---------+---------+-------+---------+---------+-------
      Total |     349 |     229 |  39.6 |      60 |       6 |   9.1
            +---------+---------+-------+---------+---------+-------
        D:1 |      26 |       8 |  23.5 |      16 |       4 |  20.0
        D:2 |      37 |     220 |  85.6 |      17 |       1 |   5.6
        D:3 |     253 |       1 |   0.4 |      25 |       1 |   3.8
        D:4 |      33 |       0 |   0.0 |       2 |       0 |   0.0
            +---------+---------+-------+---------+---------+-------
